 Dungeon Crawl Stone Soup version 0.30-a0-760-g5a9884bb7c (webtiles) character file.

Game seed: 15644790306210723275

105 Leeroy the Slasher (level 4, -4/23 HPs)
             Began as a Vine Stalker Warper on Feb 11, 2023.
             Constricted to death by Ijyb (5 damage)
             ... on level 3 of the Dungeon.
             The game lasted 00:03:05 (1723 turns).

Leeroy the Slasher (Vine Stalker Warper)            Turns: 1723, Time: 00:03:06

Health: -4/23      AC:  3    Str: 14    XL:     4   Next: 83%
Magic:  0/8        EV:  8    Int: 13    God:
Gold:   101        SH:  0    Dex: 15    Spells: 7/7 levels left

rFire   . . .      SeeInvis .    k - +1 dagger (speed)
rCold   . . .      Faith    .    (no shield)
rNeg    . . .      Spirit   +    b - +0 leather armour
rPois   +          Reflect  .    (no helmet)
rElec   .          Harm     .    (no cloak)
rCorr   .          Rampage  .    (no gloves)
Will    .....                    (no boots)
Stlth   +                        (no amulet)
HPRegen 1.03/turn                h - ring of poison resistance
MPRegen 0.11/turn                (no ring)

@: grasped by roots, constricted
A: fangs 2, regeneration 1, magic shield, antimagic bite, no potion heal 2
a: no special abilities


You were on level 3 of the Dungeon.
You visited 1 branch of the dungeon, and saw 3 of its levels.

You collected 101 gold pieces.

Inventory:

Hand Weapons
 a - a +0 falchion
 k - a +1 dagger of speed (weapon)
 m - a +2 dagger of venom
Missiles
 d - 7 boomerangs of dispersal (quivered)
Armour
 b - a +0 leather armour (worn)
Jewellery
 h - a ring of poison resistance (left hand)
Scrolls
 c - a scroll of blinking
 e - 3 scrolls of torment {unknown}
 f - 2 scrolls of identify {unknown}
 g - a scroll of immolation {unknown}
 i - 2 scrolls of teleportation {unknown}
Potions
 j - a potion of ambrosia {unknown}
 l - a potion of berserk rage {unknown}


   Skills:
 - Level 1.7 Fighting
 + Level 4.3 Long Blades
 - Level 0.8 Throwing
 - Level 0.7 Armour
 - Level 1.5 Dodging
 - Level 1.0 Stealth
 - Level 2.1 Spellcasting
 - Level 3.0 Translocations


You had 7 spell levels left.
You didn't know any spells.
Your spell library contained the following spells:

 Spells                   Type           Power      Damage    Failure   Level
 Blink                    Tloc           18%        N/A       14%         2
 Lesser Beckoning         Tloc           18%        N/A       14%         2
 Teleport Other           Tloc           9%         N/A       28%         3
 Necrotise                Necr           4%         1d4       32%         1
 Vhi's Electric Charge    Tloc/Air       10%        N/A       45%         3
 Kindle Blastsparks       Fire/Tloc/Air  8%         2d10      54%         3
 Ignite Poison            Fire/Tmut/Pois 1%         N/A       67%         3
 Vampiric Draining        Necr           1%         2d6       67%         3
 Manifold Assault         Tloc           9%         N/A       67%         4
 Agony                    Necr           1%         N/A       100%        5
 Freezing Cloud           Conj/Ice/Air   0%         6-21      100%        5


Dungeon Overview and Level Annotations

Branches:
Dungeon (3/15)

Altars:

Annotations:
D:3 Ijyb


Innate Abilities, Weirdness & Mutations

You have extremely sharp teeth.
Your natural rate of healing is unusually fast.
When hurt, damage is shared between your health and your magic reserves.
Your bite disrupts and absorbs the magic of your enemies.
Potions cannot restore your health.


Message History

You hit Ijyb but do no damage. You hit Ijyb but do no damage.
Ijyb hits you with a +0 club.
You hit Ijyb but do no damage. You bite Ijyb, but do no damage.
You hit Ijyb but do no damage. Your bite misses Ijyb.
Ijyb zaps a wand.
The roots erupt in riotous growth!
The grasping roots grab you!
Ijyb is unaffected.
The grasping roots constrict you.
You closely miss Ijyb. Your bite misses Ijyb. You barely miss Ijyb.
Ijyb barely misses you. The grasping roots constrict you.
You hit Ijyb but do no damage. Your bite misses Ijyb.
You hit Ijyb but do no damage. You bite Ijyb, but do no damage.
Ijyb hits you with a +0 club. The grasping roots constrict you.
You hit Ijyb but do no damage. Ijyb screams, "Me stronger than you!"
Ijyb hits you with a +0 club. The grasping roots constrict you.
You closely miss Ijyb. You bite Ijyb, but do no damage.
You hit Ijyb but do no damage. You bite Ijyb, but do no damage.
Ijyb hits you with a +0 club. The grasping roots constrict you.
The grasping roots release their grip on you.
You are too injured to fight recklessly!
You are too injured to fight recklessly!
You closely miss Ijyb. You hit Ijyb but do no damage.
You bite Ijyb, but do no damage.
Ijyb zaps a wand.
The roots erupt in riotous growth!
The grasping roots grab you!
Ijyb is unaffected.
The grasping roots constrict you.
* * * LOW HITPOINT WARNING * * *
You hit Ijyb but do no damage. You bite Ijyb, but do no damage. You hit Ijyb.
Ijyb is moderately wounded.
Ijyb closely misses you. The grasping roots constrict you.
* * * LOW HITPOINT WARNING * * *
You hit Ijyb but do no damage.
Ijyb is moderately wounded.
You hit Ijyb but do no damage. You bite Ijyb, but do no damage.
Ijyb is moderately wounded.
Ijyb hits you with a +0 club.
* * * LOW HITPOINT WARNING * * *
The grasping roots constrict you.
You die...

####### ......## ###
##...###.######
#.#.†...#@....#
.......#<#.#.###g##.#
###########.## #.#
### #.. #.# .# . #


You could see Ijyb.

Vanquished Creatures
  4 gnolls (D:2)
  A worm (D:2)
  4 dart slugs
  6 bats
  3 endoplasms (D:1)
  2 giant cockroaches
  3 goblins
  3 hobgoblins
  5 jackals (D:2)
  A kobold (D:1)
  4 quokkas
  3 ball pythons
  13 frilled lizards
  5 rats
57 creatures vanquished.

Vanquished Creatures (others)
  9 plants
9 creatures vanquished.

Grand Total: 66 creatures vanquished

Notes
Turn   | Place    | Note
-------+----------+-------------------------------------------
     0 | D:1      | Leeroy the Vine Stalker Warper began the quest for the Orb.
     0 | D:1      | Reached XP level 1. HP: 11/11 MP: 4/4
    46 | D:1      | Reached skill level 2 in Long Blades
   104 | D:1      | Reached XP level 2. HP: 12/15 MP: 4/6
   516 | D:1      | Reached skill level 1 in Stealth
   516 | D:1      | Reached XP level 3. HP: 18/18 MP: 7/7
   584 | D:1      | Reached skill level 3 in Long Blades
   917 | D:2      | Gained mutation: Your natural rate of healing is unusually
                  | fast. [Vine Stalker growth]
   917 | D:2      | Reached XP level 4. HP: 16/23 MP: 5/8
   927 | D:2      | Reached skill level 4 in Long Blades
  1700 | D:3      | Noticed Ijyb
  1723 | D:3      | HP: 1/23 [Ijyb/+0 club (5)]
  1723 | D:3      | Constricted to death by Ijyb

Illustrated notes

Levels and vault maps discovered:
D:1:      wander_arrival_peaceful_grave, layout_basic
D:2:      layout_basic, minmay_lizard_king
D:3:      layout_loops_ring, chequers_ecumenical_altar_lobes, roderic_batcave,
          kennysheep_pointless_box, minmay_puff, uniq_ijyb

Skill      XL: |  1  2  3  4 |
---------------+-------------+-----
Long Blades    | 2 3 4 |  4.3
Stealth        | 1 |  1.0
Fighting       | |  1.7
Throwing       | |  0.8
Armour         | |  0.7
Dodging        | |  1.5
Spellcasting   | |  2.1
Translocations | |  3.0

Action                     |  1- 3 |  4- 6 || total
---------------------------+-------+-------++-------
  Melee: Falchion          |    86 |    34 ||   120
         Bite              |    22 |    24 ||    46
         Dagger            |       |    49 ||    49
         Punch             |       |     1 ||     1
   Stab: Sleeping          |     3 |     1 ||     4
 Armour: Leather armour    |    27 |    15 ||    42
  Dodge: Dodged            |    62 |    23 ||    85

Table legend: (Time is in decaauts)
 A = Elapsed time spent in this place.
 B = Non-inter-level travel time spent in this place.
 C = Inter-level travel time spent in this place.
 D = Time resting spent in this place.
 E = Time spent auto-exploring this place.
 F = Levels seen in this place.
 G = Mean time per level.
                   A        B        C        D        E       F      G
               +--------+--------+--------+--------+--------+-----+--------+
         Total |   1715 |   1700 |     15 |      0 |   1365 |   3 |  571.7 |
       Dungeon |   1715 |   1700 |     15 |      0 |   1365 |   3 |  571.7 |
               +--------+--------+--------+--------+--------+-----+--------+

Top non-repeatable levels by time:
     D:2: 943 daAuts
     D:1: 743 daAuts
     D:3: 28 daAuts
